ORI
UNIVERSITY OF MIAMI HURRICANES @ UNIVERSITY OF VIRGINIA CAVALIERS
11/07/2046
 
TOP OF THE 1ST
University of Miami Hurricanes batting - Pitching for University of Virginia Cavaliers : LHP Robin Thurgood
Pitching: LHP Robin Thurgood
Batting: LHB Brian Woods 0-0: Fly out, F5 (Line Drive, 56, EV 63.8 MPH)
Batting: RHB Tu Vo 0-0: Ball
1-0: Ball
2-0: Called Strike
2-1: Swinging Strike
2-2: Fly out, F7 (Flyball, 78S, EV 88.8 MPH)
Batting: RHB Jeff Parlo 0-0: Called Strike
0-1: Called Strike
0-2: DOUBLE (Line Drive, 89D, EV 102.5 MPH)
Batting: SHB Taylor Shelton 0-0: Ball
1-0: Swinging Strike
1-1: Swinging Strike
1-2: Ball
2-2: Strikes out swinging
Top of the 1st over - 0 runs, 1 hit, 0 errors, 1 left on base; University of Miami 0 - University of Virginia 0
BOTTOM OF THE 1ST
University of Virginia Cavaliers batting - Pitching for University of Miami Hurricanes : LHP Dao-zi Woo
Pitching: LHP Dao-zi Woo
Batting: RHB Scott Anderson 0-0: Swinging Strike
0-1: Ball
1-1: Ground out 6-3 (Groundball, 6, EV 90.0 MPH)
Batting: RHB Jose Velez 0-0: Called Strike
0-1: Foul Ball, location: 2F
0-2: Ground out 4-3 (Groundball, 34, EV 103.8 MPH)
Batting: RHB Pedro Lopez 0-0: Ball
1-0: Foul Ball, location: 2F
1-1: Ball
2-1: Foul Ball, location: 2F
2-2: Ball
3-2: Strikes out swinging
Bottom of the 1st over - 0 runs, 0 hits, 0 errors, 0 left on base; University of Miami 0 - University of Virginia 0
TOP OF THE 2ND
University of Miami Hurricanes batting - Pitching for University of Virginia Cavaliers : LHP Robin Thurgood
Batting: RHB Chris Zubia 0-0: Ball
1-0: Ball
2-0: Foul Ball, location: 2F
2-1: Swinging Strike
2-2: Strikes out swinging
Batting: RHB Mark Kerr 0-0: Swinging Strike
0-1: Ball
1-1: Foul Ball, location: 2F
1-2: Fly out, F8 (Line Drive, 89M, EV 95.0 MPH)
Batting: LHB Hector Salazar 0-0: Ground out 4-3 (Groundball, 4, EV 100.6 MPH)
Top of the 2nd over - 0 runs, 0 hits, 0 errors, 0 left on base; University of Miami 0 - University of Virginia 0
BOTTOM OF THE 2ND
University of Virginia Cavaliers batting - Pitching for University of Miami Hurricanes : LHP Dao-zi Woo
Batting: LHB Josh Glass 0-0: Ball
1-0: Called Strike
1-1: Swinging Strike
1-2: Strikes out swinging, 2-3 out at first.
Batting: RHB Mike Llamas 0-0: Foul Ball, location: 2F
0-1: Ground out 5-3 (Groundball, 56, EV 89.4 MPH)
Batting: LHB Alex Aguilar 0-0: Ball
1-0: Ball
2-0: SINGLE (Flyball, 89S, EV 87.5 MPH)
Batting: RHB Jason Thresher 0-0: Called Strike
0-1: Fly out, F8 (Flyball, 78D, EV 103.1 MPH)
Bottom of the 2nd over - 0 runs, 1 hit, 0 errors, 1 left on base; University of Miami 0 - University of Virginia 0
TOP OF THE 3RD
University of Miami Hurricanes batting - Pitching for University of Virginia Cavaliers : LHP Robin Thurgood
Batting: RHB Justin Jackson 0-0: Ball
1-0: Called Strike
1-1: Foul Ball, location: 2F
1-2: Ball
2-2: Ball
3-2: Foul Ball, location: 2F
3-2: Strikes out swinging
Batting: RHB Luis Sanchez 0-0: Ball
1-0: Ball
2-0: Ball
3-0: Called Strike
3-1: Base on Balls
Batting: LHB Brian Woods 0-0: Called Strike
0-1: Fielders Choice at 2nd, 4-6 (Groundball, 4, EV 99.4 MPH)
Batting: RHB Tu Vo 0-0: Ball
1-0: Called Strike
Brian Woods is caught stealing 2nd base 2-4
Top of the 3rd over - 0 runs, 0 hits, 0 errors, 0 left on base; University of Miami 0 - University of Virginia 0
BOTTOM OF THE 3RD
University of Virginia Cavaliers batting - Pitching for University of Miami Hurricanes : LHP Dao-zi Woo
Batting: LHB Edelberto Barbas 0-0: Ball
1-0: Ball
2-0: Ball
3-0: Called Strike
3-1: Swinging Strike
3-2: Strikes out looking
Batting: LHB Pat Costello 0-0: Foul Ball, location: 2F
0-1: Swinging Strike
0-2: Ball
1-2: Ball
2-2: Strikes out swinging
Batting: RHB Scott Anderson 0-0: Called Strike
0-1: Ball
1-1: DOUBLE (Line Drive, 89D, EV 101.9 MPH)
Batting: RHB Jose Velez 0-0: Called Strike
0-1: Ball
1-1: Swinging Strike
1-2: Ball
2-2: Ball
3-2: Strikes out swinging, 2-3 out at first.
Bottom of the 3rd over - 0 runs, 1 hit, 0 errors, 1 left on base; University of Miami 0 - University of Virginia 0
TOP OF THE 4TH
University of Miami Hurricanes batting - Pitching for University of Virginia Cavaliers : LHP Robin Thurgood
Batting: RHB Tu Vo 0-0: Ball
1-0: Called Strike
1-1: Ball
2-1: Ball
3-1: Foul Ball, location: 2F
3-2: Fly out, F8 (Flyball, 8RS, EV 89.4 MPH)
Batting: RHB Jeff Parlo 0-0: Foul Ball, location: 2F
0-1: Swinging Strike
0-2: Strikes out swinging
Batting: SHB Taylor Shelton 0-0: Ball
1-0: Foul Ball, location: 2F
1-1: Ball
2-1: SINGLE (Groundball, 56D, EV 110.6 MPH)
Batting: RHB Chris Zubia 0-0: Ball
1-0: Called Strike
1-1: Foul Ball, location: 2F
1-2: Ball
2-2: Fielders Choice at 2nd, 6-4 (Groundball, 6, EV 78.1 MPH)
Top of the 4th over - 0 runs, 1 hit, 0 errors, 1 left on base; University of Miami 0 - University of Virginia 0
BOTTOM OF THE 4TH
University of Virginia Cavaliers batting - Pitching for University of Miami Hurricanes : LHP Dao-zi Woo
Batting: RHB Pedro Lopez 0-0: Swinging Strike
0-1: Ball
1-1: SINGLE (Groundball, 6, EV 97.5 MPH)
Batting: LHB Josh Glass 0-0: Called Strike
Pickoff Throw to First - Out! 1-3
0-1: Ball
1-1: Ball
2-1: Foul Ball, location: 2F
2-2: Ball
3-2: Fly out, F8 (Flyball, 78S, EV 81.2 MPH)
Batting: RHB Mike Llamas 0-0: Ball
1-0: Foul Ball, location: 2F
1-1: SINGLE (Groundball, 34D, EV 93.8 MPH)
Batting: LHB Alex Aguilar 0-0: Called Strike
0-1: Foul Ball, location: 2F
0-2: SINGLE (Line Drive, 34D, EV 95.0 MPH)
Mike Llamas to second
Runner from 2nd tries for 3rd, SAFE, throw by RF made to third
Batting: RHB Jason Thresher 0-0: Ball
1-0: SINGLE (Groundball, 56, EV 100.0 MPH) (infield hit)
Mike Llamas scores
Alex Aguilar to second
Batting: LHB Edelberto Barbas 0-0: Ball
1-0: Fly out, F9 (Flyball, 9S, EV 89.4 MPH)
Bottom of the 4th over - 1 run, 4 hits, 0 errors, 2 left on base; University of Miami 0 - University of Virginia 1
TOP OF THE 5TH
University of Miami Hurricanes batting - Pitching for University of Virginia Cavaliers : LHP Robin Thurgood
Batting: RHB Mark Kerr 0-0: Ball
1-0: Ball
2-0: Ball
3-0: Base on Balls
Batting: LHB Hector Salazar 0-0: Foul Ball, location: 2F
0-1: Ball
1-1: Swinging Strike
1-2: Ball
2-2: Strikes out looking
Batting: RHB Justin Jackson 0-0: Ball
1-0: Called Strike
1-1: Ball
2-1: Fly out, F8 (Flyball, 8LM, EV 96.9 MPH)
Batting: RHB Luis Sanchez 0-0: Swinging Strike
0-1: Called Strike
Mark Kerr is caught stealing 2nd base 2-4
Top of the 5th over - 0 runs, 0 hits, 0 errors, 0 left on base; University of Miami 0 - University of Virginia 1
BOTTOM OF THE 5TH
University of Virginia Cavaliers batting - Pitching for University of Miami Hurricanes : LHP Dao-zi Woo
Batting: LHB Pat Costello 0-0: Called Strike
0-1: Ball
1-1: Ball
2-1: Fly out, F8 (Flyball, 78M, EV 92.5 MPH)
Batting: RHB Scott Anderson 0-0: Foul Ball, location: 2F
0-1: Foul Ball, location: 2F
0-2: Fly out, F8 (Flyball, 8LD, EV 85.6 MPH)
Batting: RHB Jose Velez 0-0: Fly out, F9 (Flyball, 9D, EV 101.9 MPH)
Bottom of the 5th over - 0 runs, 0 hits, 0 errors, 0 left on base; University of Miami 0 - University of Virginia 1
TOP OF THE 6TH
University of Miami Hurricanes batting - Pitching for University of Virginia Cavaliers : LHP Robin Thurgood
Batting: RHB Luis Sanchez 0-0: Called Strike
0-1: Called Strike
0-2: Ball
1-2: Ball
2-2: Strikes out swinging
Pitching: RHP Luke Bertrand
Batting: LHB Brian Woods 0-0: Called Strike
0-1: Foul Ball, location: 2F
0-2: Ball
1-2: Ground out 1-3 (Groundball, 34S, EV 71.9 MPH)
Pinch Hitting: RHB Sam Costello 0-0: Ball
1-0: Fly out, F4 (Line Drive, 4, EV 68.8 MPH)
Top of the 6th over - 0 runs, 0 hits, 0 errors, 0 left on base; University of Miami 0 - University of Virginia 1
BOTTOM OF THE 6TH
University of Virginia Cavaliers batting - Pitching for University of Miami Hurricanes : LHP Dao-zi Woo
Now at SS: Danny Gallardo
Batting: RHB Pedro Lopez 0-0: Ball
1-0: Ball
2-0: Foul Ball, location: 2F
2-1: Fly out, F8 (Line Drive, 8LM, EV 90.6 MPH)
Batting: LHB Josh Glass 0-0: Foul Ball, location: 2F
0-1: Ball
1-1: Ball
2-1: Fly out, F2 (Popup, 5SF, EV 76.9 MPH)
Batting: RHB Mike Llamas 0-0: Foul Ball, location: 2F
0-1: Swinging Strike
0-2: Ball
1-2: Ball
2-2: Foul Ball, location: 2F
2-2: Strikes out looking
Bottom of the 6th over - 0 runs, 0 hits, 0 errors, 0 left on base; University of Miami 0 - University of Virginia 1
TOP OF THE 7TH
University of Miami Hurricanes batting - Pitching for University of Virginia Cavaliers : RHP Luke Bertrand
Pinch Hitting: RHB Leonardo Morales 0-0: Called Strike
0-1: Foul Ball, location: 2F
0-2: Strikes out swinging
Batting: SHB Taylor Shelton 0-0: Ball
1-0: Foul Ball, location: 2F
1-1: Ball
2-1: Foul Ball, location: 2F
2-2: Ball
3-2: Ground out 6-3 (Groundball, 6, EV 88.1 MPH)
Pinch Hitting: RHB Drew Morgenstern 0-0: Called Strike
0-1: Ball
1-1: Ball
2-1: Foul Ball, location: 2F
2-2: Ball
3-2: Base on Balls
Pinch Hitting: LHB Addergoole Kartosuwiryo 0-0: Ball
1-0: Foul Ball, location: 2F
1-1: Ball
Drew Morgenstern is caught stealing 2nd base 2-6
Top of the 7th over - 0 runs, 0 hits, 0 errors, 0 left on base; University of Miami 0 - University of Virginia 1
BOTTOM OF THE 7TH
University of Virginia Cavaliers batting - Pitching for University of Miami Hurricanes : LHP Dao-zi Woo
Pitching: RHP Kieran Jesso
Now at 3B: Addergoole Kartosuwiryo
Now in CF: Jonathan Gardner
Now in RF: Jose Lopez
Batting: LHB Alex Aguilar 0-0: Called Strike
0-1: Foul Ball, location: 2F
0-2: Strikes out swinging
Batting: RHB Jason Thresher 0-0: Ball
1-0: Swinging Strike
1-1: DOUBLE (Flyball, 8LXD, EV 88.8 MPH)
Batting: LHB Edelberto Barbas 0-0: Intentional Walk
Batting: LHB Pat Costello 0-0: Called Strike
0-1: Foul Ball, location: 2F
0-2: Strikes out swinging
Batting: RHB Scott Anderson 0-0: Ball
1-0: Ball
2-0: Ball
3-0: Called Strike
3-1: Fly out, F7 (Flyball, 7D, EV 105.6 MPH)
Bottom of the 7th over - 0 runs, 1 hit, 0 errors, 2 left on base; University of Miami 0 - University of Virginia 1
TOP OF THE 8TH
University of Miami Hurricanes batting - Pitching for University of Virginia Cavaliers : RHP Luke Bertrand
Batting: LHB Addergoole Kartosuwiryo 0-0: Called Strike
0-1: Ball
1-1: Swinging Strike
1-2: Foul Ball, location: 2F
1-2: Foul Ball, location: 2F
1-2: Strikes out swinging
Pinch Hitting: SHB Steve Bailey 0-0: Ground out 4-3 (Groundball, 4, EV 81.9 MPH)
Batting: RHB Justin Jackson 0-0: Fly out, F9 (Flyball, 9S, EV 92.5 MPH)
Top of the 8th over - 0 runs, 0 hits, 0 errors, 0 left on base; University of Miami 0 - University of Virginia 1
BOTTOM OF THE 8TH
University of Virginia Cavaliers batting - Pitching for University of Miami Hurricanes : RHP Kieran Jesso
Now in LF: Rusty Craig
Batting: RHB Jose Velez 0-0: Foul Ball, location: 2F
0-1: Swinging Strike
0-2: Strikes out looking
Batting: RHB Pedro Lopez 0-0: Ball
1-0: Called Strike
1-1: Foul Ball, location: 2F
1-2: Strikes out swinging, 2-3 out at first.
Batting: LHB Josh Glass 0-0: Called Strike
0-1: Called Strike
0-2: Ball
1-2: Ball
2-2: Foul Ball, location: 2F
2-2: Reached on error, E5 (Groundball, 5, EV 88.8 MPH)
Batting: RHB Mike Llamas 0-0: Intentional Walk
Batting: LHB Alex Aguilar 0-0: Foul Ball, location: 2F
0-1: Fly out, F8 (Flyball, 8LD, EV 75.6 MPH)
Bottom of the 8th over - 0 runs, 0 hits, 1 error, 2 left on base; University of Miami 0 - University of Virginia 1
TOP OF THE 9TH
University of Miami Hurricanes batting - Pitching for University of Virginia Cavaliers : RHP Luke Bertrand
Pitching: RHP Jesus Castaneda
Batting: RHB Harry Borrelli 0-0: Ball
1-0: Ball
2-0: Called Strike
2-1: Swinging Strike
2-2: Ball
3-2: Ground out 4-3 (Groundball, 4, EV 103.8 MPH)
Pinch Hitting: RHB Edward Purkis 0-0: Called Strike
0-1: Swinging Strike
0-2: Foul Ball, location: 2F
0-2: Ball
1-2: Ball
2-2: Foul Ball, location: 2F
2-2: Ball
3-2: Strikes out looking
Pinch Hitting: LHB Dennis Jones 0-0: Called Strike
0-1: Ball
1-1: Ground out 6-3 (Groundball, 6, EV 98.8 MPH)
Top of the 9th over - 0 runs, 0 hits, 0 errors, 0 left on base; University of Miami 0 - University of Virginia 1
Tuesday, September 13th , 2022 - OOTP Baseball 23.7 Build 88